 Dungeon Crawl Stone Soup version 0.27-a0-836-gfc908b8576 (webtiles) character file.

Game seed: 7220568850021954946

127 Aviak the Skirmisher (level 5, -4/41 HPs)
             Began as a Djinni Monk on Mar 31, 2021.
             Slain by a hornet zombie (7 damage)
             ... on level 3 of the Dungeon.
             The game lasted 00:03:26 (3162 turns).

Aviak the Skirmisher (Djinni Monk)                  Turns: 3162, Time: 00:03:27

Health: -4/41      AC:  5    Str: 10    XL:     5   Next: 11%
Gold:   178        EV: 13    Int: 13    God:
                   SH:  0    Dex: 21

rFire    + + .     SeeInvis .   h - +1 short sword (speed)
rCold    x . .     Faith    .   (no shield)
rNeg     . . .     Spirit   .   o - +0 leather armour
rPois    ∞         Reflect  .   (no helmet)
rElec    .         Harm     .   (no cloak)
rCorr    .         Rampage  .   l - +1 pair of gloves
Will     .....                  (boots unavailable)
Stlth    ++........             (no amulet)
HPRegen  0.13/turn              j - +6 ring of dexterity
MPRegen  0.00/turn              (no ring)

@: flying
A: fire resistance 2, cold vulnerability 1, float, innate caster, hp casting,
extra vitality 1
a: no special abilities


You were on level 3 of the Dungeon.
You visited 1 branch of the dungeon, and saw 3 of its levels.

You collected 178 gold pieces.

Inventory:

Hand Weapons
 a - a +0 falchion
 h - a +1 short sword of speed (weapon)
Armour
 b - a +0 robe
 l - a +1 pair of gloves (worn)
 o - a +0 leather armour (worn)
Jewellery
 g - a ring of flight
 j - a +6 ring of dexterity (left hand)
 p - an amulet of reflection
Scrolls
 d - a scroll of enchant armour
 e - a scroll of identify {unknown}
 f - a scroll of teleportation {unknown}
 k - a scroll of vulnerability {unknown}
 m - a scroll of noise {unknown}
 n - a scroll of amnesia {unknown}


   Skills:
 + Level 4.0 Fighting
 + Level 1.6(2.6) Short Blades
 - Level 3.1(3.3) Long Blades
 - Level 3.6 Dodging
 - Level 1.5 Stealth
 + Level 1.5 Spellcasting


You had 4 spell levels left.
You knew the following spells:

 Your Spells              Type           Power      Damage    Failure   Level
a - Sting                 Tmut/Pois      16%        1d3       21%         1
b - Ensorcelled Hibernat  Hex/Ice        8%         N/A       30%         2
Your spell library was empty.

Dungeon Overview and Level Annotations

Branches:
Dungeon (3/15)

Altars:
Ashenzari
Fedhas
Kikubaaqudgha


Innate Abilities, Weirdness & Mutations

You are immune to poison.
Your flesh is very heat resistant. (rF++)
You are vulnerable to cold. (rC-)
You float through the air rather than walking.
You learn spells naturally, not from books.
Your magical power is your life essence.
You have superior vitality. (+4 HP)


Message History

The hornet zombie is heavily damaged.
You hit the hornet zombie.
The hornet zombie is heavily damaged.
The hornet zombie hits you but does no damage.
You barely miss the hornet zombie.
The hornet zombie is heavily damaged.
The hornet zombie hits you.
You closely miss the hornet zombie.
The hornet zombie is heavily damaged.
The hornet zombie hits you.
You closely miss the hornet zombie.
The hornet zombie is heavily damaged.
The hornet zombie hits you!
* * * LOW HITPOINT WARNING * * *
Unknown command.
Okay, then.
It was a potion of curing.
You feel better. The hornet zombie misses you.
You hit the hornet zombie.
The hornet zombie is severely damaged.
The hornet zombie misses you.
You hit the hornet zombie.
The hornet zombie is severely damaged.
The hornet zombie closely misses you.
You hit the hornet zombie.
The hornet zombie is severely damaged.
You hit the hornet zombie.
The hornet zombie is severely damaged.
The hornet zombie hits you but does no damage.
You hit the hornet zombie.
The hornet zombie is severely damaged.
The hornet zombie misses you.
You hit the hornet zombie.
The hornet zombie is almost destroyed.
The hornet zombie hits you!
* * * LOW HITPOINT WARNING * * *
Unknown command.
You hit the hornet zombie.
The hornet zombie is almost destroyed.
The hornet zombie hits you!
You die...

##########.## #.##########.#
#...........# #....##......#
#...........# #....##......#
#####...........####....##......#
..........(.##.#........##.......
##>.....................+........
#.########...##........######...
#............####......# #...
#..####.#..##..@.......# #...
##.......#......Z.......# ####...
.........#.###..........# #.)....
........................# #......
........##.###..........# #......
...........###.......(..# #......
........####......#########......
...######.....................#.#
....................Z§...........


You could see a hornet zombie.

Vanquished Creatures
  A hound skeleton (D:3)
  3 adders (D:2)
  A worm (D:2)
  3 dart slugs (D:1)
  6 orcs
  5 ball pythons
  6 bats
  6 endoplasms
  5 giant cockroaches
  5 goblins
  4 hobgoblins
  3 jackals (D:1)
  5 quokkas
  2 frilled lizards
  6 kobolds
  3 rats
64 creatures vanquished.

Notes
Turn   | Place    | Note
-------+----------+-------------------------------------------
     0 | D:1      | Aviak the Djinni Monk began the quest for the Orb.
     0 | D:1      | Reached XP level 1. HP: 20/20 MP: 0/0
   182 | D:1      | Reached XP level 2. HP: 18/25 MP: 0/0
   862 | D:1      | Reached XP level 3. HP: 16/30 MP: 0/0
   862 | D:1      | Learned a level 1 spell: Sting
  1429 | D:2      | Found a blossoming altar of Fedhas.
  1432 | D:2      | Found a broken altar of Ashenzari.
  1887 | D:2      | Reached skill level 1 in Spellcasting
  1887 | D:2      | Reached XP level 4. HP: 34/37 MP: 0/0
  1921 | D:2      | Reached skill level 1 in Short Blades
  2365 | D:3      | Reached skill level 4 in Fighting
  2508 | D:3      | Found a faded altar of an unknown god.
  2525 | D:3      | Reached XP level 5. HP: 40/41 MP: 0/0
  2525 | D:3      | Learned a level 2 spell: Ensorcelled Hibernation
  3162 | D:3      | Slain by a hornet zombie

Illustrated notes

Levels and vault maps discovered:
D:1:      saegor_arrival_simple_e, layout_loops_ring, grunt_decor_mini_mirrors
D:2:      layout_loops_cross, chequers_temple_overflow_statue_of_worship
D:3:      minmay_skewed_foursquare, layout_basic,
          chequers_ecumenical_altar_simple_redux

Skill      XL: |  1  2  3  4 |
---------------+-------------+-----
Long Blades    | 3 |  3.1
Spellcasting   | 1 |  1.5
Short Blades   | 1 |  1.6
Fighting       | 4 |  4.0
Dodging        | |  3.6
Stealth        | |  1.5

Action                   |  1- 3 |  4- 6 || total
-------------------------+-------+-------++-------
Melee: Falchion          |    59 |       ||    59
       Short sword       |    54 |   102 ||   156
  Use: Scroll            |       |     3 ||     3
       Potion            |       |     2 ||     2
 Stab: Sleeping          |    11 |     3 ||    14
       Distracted        |       |     1 ||     1
Armor: Robe              |    15 |     2 ||    17
       Leather armour    |       |    14 ||    14
Dodge: Dodged            |    77 |    39 ||   116
       Rpst.: Falchion   |    17 |       ||    17

Table legend: (Time is in decaauts)
 A = Elapsed time spent in this place.
 B = Non-inter-level travel time spent in this place.
 C = Inter-level travel time spent in this place.
 D = Time resting spent in this place.
 E = Time spent auto-exploring this place.
 F = Levels seen in this place.
 G = Mean time per level.
                   A        B        C        D        E       F      G
               +--------+--------+--------+--------+--------+-----+--------+
         Total |   3115 |   3102 |     13 |    414 |   2212 |   3 | 1038.3 |
       Dungeon |   3115 |   3102 |     13 |    414 |   2212 |   3 | 1038.3 |
               +--------+--------+--------+--------+--------+-----+--------+

Top non-repeatable levels by time:
     D:1: 1366 daAuts
     D:2: 1028 daAuts
     D:3: 720 daAuts
